 Dungeon Crawl Stone Soup version 0.28.0-53-g5a82cb258f (webtiles) character file.

Game seed: 9756249246016459348

53 pkoi the Firebug (level 3, -4/26 HPs)
             Began as a Demigod Fire Elementalist on June 1, 2022.
             Killed from afar by an orc wizard (11 damage)
             ... with a puff of flame
             ... on level 3 of the Dungeon.
             The game lasted 00:02:54 (3188 turns).

pkoi the Firebug (Demigod Fire Elementalist)        Turns: 3188, Time: 00:02:55

Health: -4/26      AC:  2    Str:  9    XL:     3   Next: 42%
Magic:  4/8        EV: 12    Int: 21    God:
Gold:   111        SH:  0    Dex: 14    Spells: 1/5 levels left

rFire   . . .      SeeInvis .   b - +0 long sword
rCold   . . .      Faith    .   (no shield)
rNeg    . . .      Spirit   .   a - +0 robe
rPois   .          Reflect  .   (no helmet)
rElec   .          Harm     .   (no cloak)
rCorr   .          Rampage  .   (no gloves)
Will    .....                   (no boots)
Stlth   +.........              (no amulet)
HPRegen 0.08/turn               (no ring)
MPRegen 0.11/turn               (no ring)

@: confused
A: high MP 1, forlorn, divine attributes
a: no special abilities


You were on level 3 of the Dungeon.
You visited 1 branch of the dungeon, and saw 3 of its levels.

You collected 111 gold pieces.

Inventory:

Hand Weapons
 b - a +0 long sword (weapon)
 e - a +0 hand axe
Armour
 a - a +0 robe (worn)
Jewellery
 c - a ring of willpower
Wands
 i - a wand of iceblast (9)
Scrolls
 h - a scroll of enchant armour {unknown}
 j - a scroll of immolation {unknown}
 l - a scroll of vulnerability {unknown}
Potions
 d - a potion of degeneration {unknown}
 f - a potion of might
 g - 2 potions of heal wounds {unknown}
 k - a potion of curing {unknown}


   Skills:
 - Level 1.7 Dodging
 - Level 1.7 Stealth
 + Level 1.7 Spellcasting
 + Level 2.3 Conjurations
 + Level 3.5 Fire Magic


You had one spell level left.
You knew the following spells:

 Your Spells              Type           Power      Damage    Failure   Level
a - Foxfire               Conj/Fire      56%        2x1d6     4%          1
b - Scorch                Fire           32%        2d7       5%          2
c - Magic Dart            Conj           44%        1d5       6%          1

Your spell library contained the following spells:

 Spells                   Type           Power      Damage    Failure   Level
 Conjure Flame            Conj/Fire      14%        6-21      14%         3
 Call Imp                 Summ           1%         N/A       22%         2
 Inner Flame              Hex/Fire       9%         N/A       22%         3
 Mephitic Cloud           Conj/Pois/Air  5%         N/A       32%         3
 Flame Wave               Conj/Fire      14%        2d6       41%         4


Dungeon Overview and Level Annotations

Branches:
Dungeon (3/15)

Shops:
D:1 =

Annotations:
D:2 1 runed translucent door, Crazy Yiuf


Innate Abilities, Weirdness & Mutations

You have an increased reservoir of magic. (+10% MP)
You shall have no god before yourself.
Your divine heritage dramatically boosts your attributes as you level up.


Message History

Found 14 stones.
An orc wizard is nearby!
An orc wizard is nearby!
The magic dart hits the orc wizard.
The orc wizard is lightly wounded.
The orc wizard shouts!
You hear a shout! x2
The magic dart hits the orc wizard.
The orc wizard is moderately wounded.
The magic dart hits the orc wizard.
The orc wizard is heavily wounded.
The orc wizard gestures wildly while chanting.
The orc wizard flickers and vanishes!
Deactivating autopickup; reactivate with Ctrl-A. 2 orcs come into view.
Found 11 stones.
The orc shouts!
Casting: Magic Dart (safe; 6% risk of failure)
Confirm with . or Enter, or press ? or * to list all spells.
Nothing appears to happen.
A puff of flame appears from out of thin air!
The puff of flame hits you!
* * * LOW HITPOINT WARNING * * *
Casting: Scorch (safe; 5% risk of failure)
Confirm with . or Enter, or press ? or * to list all spells.
You can't see any susceptible monsters within range! (Use Z to cast anyway.) Unknown command.
You are confused.
You bump into the rock wall.
A puff of flame appears from out of thin air!
The puff of flame hits you.
* * * LOW HITPOINT WARNING * * *
You bump into the rock wall.
A magic dart appears from out of thin air!
The magic dart hits you.
* * * LOW HITPOINT WARNING * * *
You bump into the rock wall.
Unknown command.
A puff of flame appears from out of thin air!
The puff of flame hits you!
You die...

#.......#####
#.#.#.#......
#............
#o#######
#o#.....#
#{#.###.#
#.#.#.#.#
#.#...#.#
#@###.#.#
#.......#
#####.###
#..<#.#
#.#.#.#
+.###.###
#......)#
#.####### #..


You could see 2 orcs.

Vanquished Creatures
  An adder (D:2)
  A worm (D:2)
  2 dart slugs (D:2)
  4 ball pythons (D:1)
  5 endoplasms
  A giant cockroach (D:2)
  4 goblins
  2 hobgoblins (D:2)
  2 jackals (D:2)
  2 kobolds (D:2)
  4 quokkas
  A bat (D:2)
  A frilled lizard (D:1)
  4 rats
34 creatures vanquished.

Vanquished Creatures (others)
  136 foxfires
136 creatures vanquished.

Grand Total: 170 creatures vanquished

Notes
Turn   | Place    | Note
-------+----------+-------------------------------------------
     0 | D:1      | pkoi the Demigod Fire Elementalist began the quest for the
                  | Orb.
     0 | D:1      | Reached XP level 1. HP: 14/14 MP: 5/5
    13 | D:1      | Reached skill level 1 in Conjurations
    76 | D:1      | Found Hoaxtiff's Jewellery Shoppe.
   203 | D:1      | Reached skill level 3 in Fire Magic
   360 | D:1      | Reached XP level 2. HP: 20/20 MP: 2/7
   643 | D:1      | Learned a level 2 spell: Scorch
  1476 | D:2      | Found a runed translucent door.
  1477 | D:2      | Noticed Crazy Yiuf
  1923 | D:2      | Reached XP level 3. HP: 25/26 MP: 0/8
  2746 | D:2      | Learned a level 1 spell: Magic Dart
  3188 | D:3      | Killed from afar by an orc wizard

Illustrated notes

Levels and vault maps discovered:
D:1:      psy_arrival_terrarium, layout_basic, serial_corexii_hall,
          corexii_hall_statues_l, corexii_hall_statues_u,
          corexii_hall_statues_x, serial_shops, shop_statue,
          nicolae_ecumenical_snake_handling
D:2:      layout_basic, uniq_crazy_yiuf_cottage
D:3:      layout_basic, slow_altar_1, hellmonk_ghost_happy_afterlife,
          serial_co_window_serial, co_window_of_opportunity_a,
          co_window_cross_1, co_window_cross_1, co_window_of_opportunity_a,
          co_window_paths_b, co_window_broadway_a, co_window_of_opportunity_c,
          co_window_corner_b, co_window_of_opportunity_b, co_window_broadway_b,
          co_window_paths_c, glass_columns_a, glass_columns_b, serial_shops,
          nicolae_shop_behind_doors, minivault_27

Skill      XL: |  1  2 |
---------------+-------+-----
Conjurations   | 1 2 |  2.3
Fire Magic     | 3 |  3.5
Dodging        | |  1.7
Stealth        | |  1.7
Spellcasting   | |  1.7

Action                   || total
-------------------------++-------
Melee: Long sword        ||     4
 Cast: Foxfire           ||    79
       Magic Dart        ||     7
       Scorch            ||     1
  Use: Scroll            ||     2
Armor: Robe              ||     4
Dodge: Dodged            ||    12
